 Dungeon Crawl Stone Soup version 0.31.0-12-g77e489cdc1 (webtiles) character file.

Game seed: 16375545943748538594

320 cdecastro the Cudgeller (level 6, -2/48 HPs)
             Began as an Armataur Warper on Mar 1, 2024.
             Was an Initiate of Nemelex Xobeh.
             Splashed by a jelly's acid (7 damage)
             ... on level 5 of the Dungeon.
             The game lasted 00:04:35 (3598 turns).

cdecastro the Cudgeller (Armataur Warper)           Turns: 3598, Time: 00:04:36

Health: -2/48      AC: -12   Str: 18    XL:     6   Next: 22%
Magic:  8/8        EV:  7    Int: 13    God:    Nemelex Xobeh [......]
Gold:   145        SH:  0    Dex: 10    Spells: 8/8 levels left

rFire   . . .        a - +0 mace
rCold   . . .        (no shield)
rNeg    . . .        x - +0 scale mail
rPois   +            c - +0 helmet
rElec   .            (no cloak)
rCorr   .            (no gloves)
SInv    .            (no barding)
Will    .....        (no amulet) Stlth
                     i - ring of poison resistance
HPRegen 0.28/turn    (no ring)
MPRegen 0.11/turn

%: roll
@: corroded
A: large, deformed body, tough skin 3, armoured tail, roll 1
a: Renounce Religion, Draw Escape, Draw Destruction, Draw Summoning


You were on level 5 of the Dungeon.
You worshipped Nemelex Xobeh.
Nemelex Xobeh was noncommittal.
You visited 2 branches of the dungeon, and saw 8 of its levels.

You collected 145 gold pieces.

Inventory:

Hand Weapons
 a - a +0 mace (weapon)
Missiles
 d - 7 darts of dispersal
 r - 5 curare-tipped darts
 v - 4 poisoned darts (quivered)
Armour
 b - a +0 leather armour
 c - a +0 helmet (worn)
 x - a +0 scale mail (worn)
Jewellery
 i - a ring of poison resistance (left hand)
 p - a ring of fire
 w - a ring of fire
Scrolls
 e - a scroll of fear {unknown}
 f - 2 scrolls of identify {unknown}
 j - a scroll of immolation {unknown}
 k - 2 scrolls of revelation {unknown}
 l - a scroll of teleportation {unknown}
 s - a scroll of vulnerability {unknown}
 t - a scroll of fog {unknown}
Potions
 g - 2 potions of curing {unknown}
 h - a potion of magic {unknown}
 m - 3 potions of heal wounds {unknown}
 n - a potion of ambrosia {unknown}
 o - a potion of lignification {unknown}
 q - 2 potions of degeneration {unknown}
 u - a potion of haste {unknown}


   Skills:
 - Level 1.7 Fighting
 + Level 6.1 Maces & Flails
 - Level 0.8 Throwing
 - Level 1.2 Armour
 - Level 1.3 Dodging
 - Level 1.7 Spellcasting
 - Level 3.0 Translocations


You had 8 spell levels left.
You didn't know any spells.
Your spell library contained the following spells:

 Spells                   Type           Power      Damage    Failure   Level
 Blink                    Tloc           16%        N/A       36%         2
 Lesser Beckoning         Tloc           16%        N/A       36%         2
 Teleport Other           Tloc           8%         N/A       58%         3
 Shock                    Conj/Air       4%         1d3       65%         1
 Manifold Assault         Tloc           8%         N/A       94%         4
 Swiftness                Air            1%         N/A       95%         3
 Vhi's Electric Charge    Tloc/Air       10%        N/A       99%         4
 Airstrike                Air            0%         2d(1-17)  100%        4


Dungeon Overview and Level Annotations

Branches:
Dungeon (7/15)             Temple (1/1) D:6

Altars:
Ashenzari
Dithmenos
Elyvilon
Fedhas
Gozag
Hepliaklqana
Makhleb
Nemelex Xobeh
Okawaru
Qazlal
Vehumet
The Shining One

Annotations:
D:3 Grinder


Innate Abilities, Weirdness & Mutations

Armour fits poorly on your strangely shaped body.
You have extremely tough skin. (AC +3)
You have a long armoured tail.
You regenerate magic when rolling toward enemies. (Rampage MPRegen)


Message History

Press: ? - help, v - describe, . - travel
Here: a jelly (wandering, hasn't noticed you)
The floor.
Throw: 6 darts (poison)
Press: ? - help, Q - select action, (/) - cycle Shift-Dir - straight line, f - jelly
Aim: a jelly (wandering, hasn't noticed you, 87% to hit)
You throw a poisoned dart. The poisoned dart hits the jelly.
Unknown command.
Throw: 5 darts (poison)
Press: ? - help, Q - select action, (/) - cycle Shift-Dir - straight line, f/p - jelly
Aim: a jelly (87% to hit)
You throw a poisoned dart. The poisoned dart hits the jelly.
Unknown command.
You barely miss the jelly. The jelly barely misses you.
You hit the jelly but do no damage. The acid corrodes you!
Your hands burn!
You tail-slap the jelly, but do no damage.
The jelly hits you but does no damage.
You thump the jelly! The acid corrodes you!
Your hands burn!
The jelly is heavily wounded.
The jelly closely misses you.
You hit the jelly.
Your hands burn!
The jelly is heavily wounded.
The jelly hits you. The acid corrodes you!
You are splashed with acid.
You hit the jelly but do no damage. The acid corrodes you!
Your hands burn!
The jelly is heavily wounded.
The jelly hits you.
You are splashed with acid!
* * * LOW HITPOINT WARNING * * *
You hit the jelly but do no damage.
Your hands burn!
* * * LOW HITPOINT WARNING * * *
You tail-slap the jelly, but do no damage.
The jelly is heavily wounded.
The jelly hits you.
* * * LOW HITPOINT WARNING * * *
The acid corrodes you!
You are splashed with acid.
* * * LOW HITPOINT WARNING * * *
The jelly hits you.
* * * LOW HITPOINT WARNING * * *
You are splashed with acid!
You die...
Your body disappears without a glow.

####.......##.####
....#.##.......#
##.......##.##.#
##.#.......##.#
.....##.#..##.# ..
. #.#.###>#
#.......#
###(##### #.(J@#
####.# #.#
#########.#
#.....)...#
#.######### . #.#
..B.###.#
.....$..#


You could see a jelly.

Vanquished Creatures
  A phantom (D:5)
  A bombardier beetle (D:5)
  A jelly (D:6)
  2 hounds
  Jessica (D:2)
  Robin (D:1)
  5 adders
  2 dart slugs
  An orc (D:5)
  4 ball pythons
  2 bats
  An endoplasm (D:1)
  A giant cockroach (D:1)
  5 goblins
  7 hobgoblins
  3 frilled lizards
  6 kobolds
  2 rats
46 creatures vanquished.

Notes
Turn   | Place    | Note
-------+----------+-------------------------------------------
     0 | D:1      | cdecastro the Armataur Warper began the quest for the Orb.
     0 | D:1      | Reached XP level 1. HP: 17/17 MP: 3/3
    34 | D:1      | Reached skill level 2 in Maces & Flails
   461 | D:1      | Reached XP level 2. HP: 24/24 MP: 4/4
   939 | D:2      | Noticed Robin
  1079 | D:1      | Killed Robin
  1080 | D:1      | Reached skill level 3 in Maces & Flails
  1080 | D:1      | Reached XP level 3. HP: 12/29 MP: 5/5
  1845 | D:2      | Noticed Jessica
  1850 | D:2      | Killed Jessica
  1851 | D:2      | Reached skill level 4 in Maces & Flails
  1851 | D:2      | Reached XP level 4. HP: 31/36 MP: 6/6
  2338 | D:3      | Noticed Grinder
  2953 | D:4      | Reached XP level 5. HP: 35/41 MP: 7/7
  3094 | D:4      | You fall into a shaft and drop 3 floors!
  3109 | D:7      | Noticed a sky beast
  3123 | D:6      | Found a staircase to the Ecumenical Temple.
  3129 | D:6      | Reached skill level 5 in Maces & Flails
  3136 | Temple   | Entered the Ecumenical Temple
  3149 | Temple   | Became a worshipper of Nemelex Xobeh the Trickster
  3228 | D:5      | Entered Level 5 of the Dungeon
  3263 | D:5      | Noticed a phantom
  3291 | D:5      | Killed a phantom
  3292 | D:5      | Reached XP level 6. HP: 39/48 MP: 8/8
  3444 | D:5      | Reached skill level 6 in Maces & Flails
  3598 | D:5      | Splashed by a jelly's acid

Illustrated notes

Levels and vault maps discovered:
D:1:      roadster_arrival_rocket_small, layout_basic, palyth_stone_intersect
D:2:      layout_loops_corners, uniq_robin, uniq_jessica
D:3:      layout_loops_ring, nicolae_ru_the_path_less_chosen, uniq_grinder
D:4:      layout_basic, serial_curves, eino_curves_03, eino_curves_03,
          serial_shops, shop_statue, kennysheep_dice
D:5:      layout_loops_cross, minmay_misc_feat_cross
D:6:      layout_basic, tgw_sif, mainiacjoe_overflow_surrounded_room,
          mainiacjoe_overflow_24_doors, temple_fountains,
          chequers_serial_rivers_micro_d, minmay_crystal_room
D:7:      layout_gridville, lemuel_doored_altar, mainiacjoe_overflow_catwalk
Temple:   hellmonk_temple_two_chambers

Skill      XL: |  1  2  3  4  5  6 |
---------------+-------------------+-----
Maces & Flails | 2 3 4 5 6 |  6.1
Fighting       | |  1.7
Throwing       | |  0.8
Armour         | |  1.2
Dodging        | |  1.3
Spellcasting   | |  1.7
Translocations | |  3.0

Action                     |  1- 3 |  4- 6 || total
---------------------------+-------+-------++-------
  Melee: Mace              |   110 |    97 ||   207
         Tailslap          |    13 |    13 ||    26
         Punch             |     2 |     4 ||     6
  Throw: Dart              |       |     2 ||     2
    Use: Scroll            |     1 |       ||     1
   Stab: Sleeping          |       |     1 ||     1
 Armour: Leather armour    |    93 |    61 ||   154
         Scale mail        |       |    37 ||    37
  Dodge: Dodged            |    53 |    44 ||    97
